Map: Newkirk Precinct TE (Void)

Players

Fropez - Winner!

  • Race: Protoss Protoss
  • League: Gold
  • Spawn Location: 7:00

Khensu

  • Race: Protoss Protoss
  • League: Gold
  • Spawn Location: 5:00

VOD

Have the link to the VOD?

Description

Time

  • Played on: Dec. 21, 2016, 6:14 p.m.
  • Length: 8:12
Show
View Real Time Build Order
Export as new Build Order

Fropez Protoss - Winner!

Build Orders: 1 Gate Expand 

Get SALT Encoding   

  12  0:01  Probe (Chrono Boost)  
  13  0:11  Probe (Chrono Boost)  
  14  0:18  Pylon  
  14  0:24  Probe (Chrono Boost)  
  15  0:36  Gateway  
  15  0:39  Probe (Chrono Boost)  
  16  0:49  Probe (Chrono Boost)  
  17  0:51  Assimilator  
  17  1:00  Probe (Chrono Boost)  
  18  1:15  Probe (Chrono Boost)  
  19  1:25  Nexus  
  19  1:43  Probe (Chrono Boost)  
  19  1:58  Probe (Chrono Boost)  
  19  1:59  Cybernetics Core  
  20  2:08  Probe (Chrono Boost)  
  20  2:11  Assimilator  
  21  2:24  Gateway  
  21  2:27  Probe (Chrono Boost), Warp Gate  
  22  2:41  Stalker  
  25  2:44  Probe (Chrono Boost)  
  25  2:47  Probe (Chrono Boost)  
  26  3:04  Robotics Facility  
  26  3:09  Probe (Chrono Boost)  
  27  3:17  Probe (Chrono Boost)  
  28  3:22  Pylon  
  27  3:27  Pylon  
  27  3:29  Pylon  
  27  3:33  Probe (Chrono Boost)  
  28  3:34  Probe (Chrono Boost)  
  28  3:35  Stalker  
  30  3:46  Probe (Chrono Boost)  
  31  3:59  Immortal  
  34  4:19  Pylon  
  34  4:24  Pylon  
  34  4:37  Immortal  
  38  4:47  Pylon  
  38  5:06  Pylon, Stalker  
  40  5:37  Stalker x2  
  44  6:00  Probe (Chrono Boost)  
  44  6:04  Stalker x2  
  50  6:12  Probe (Chrono Boost)  
  50  6:50  Stalker x2  
  54  7:22  Nexus  
  54  7:24  Assimilator  
  54  7:26  Pylon  
  54  7:28  Assimilator  
  54  7:29  Gateway  
  54  7:30  Forge  
  54  7:31  Pylon  
  54  7:34  Pylon  
  54  7:38  Pylon  
Show
View Real Time Build Order
Export as new Build Order

Khensu Protoss 

Build Orders:  

Get SALT Encoding   

  12  0:04  Probe (Chrono Boost)  
  13  0:15  Probe (Chrono Boost)  
  14  0:24  Pylon  
  14  0:25  Probe (Chrono Boost)  
  16  0:42  Probe (Chrono Boost)  
  16  0:48  Forge  
  16  0:53  Probe (Chrono Boost)  
  17  1:09  Probe (Chrono Boost)  
  18  1:13  Pylon  
  18  1:16  Gateway  
  18  1:33  Photon Cannon  
  17  1:56  Probe (Chrono Boost)  
  17  1:59  Nexus  
  17  2:00  Assimilator  
  18  2:07  Probe (Chrono Boost)  
  19  2:12  Assimilator  
  19  2:27  Pylon  
  19  2:37  Probe (Chrono Boost)  
  20  2:47  Photon Cannon  
  20  2:54  Photon Cannon  
  20  3:07  Zealot  
  22  3:13  Pylon, Probe (Chrono Boost)  
  23  3:24  Pylon, Probe (Chrono Boost)  
  24  3:31  Zealot  
  24  3:34  Probe (Chrono Boost)  
  27  3:49  Probe (Chrono Boost)  
  27  3:57  Cybernetics Core  
  27  4:00  Probe (Chrono Boost)  
  28  4:05  Pylon  
  28  4:07  Zealot  
  28  4:08  Pylon  
  28  4:10  Probe (Chrono Boost)  
  31  4:20  Pylon  
  31  4:21  Probe (Chrono Boost)  
  32  4:30  Gateway  
  32  4:31  Probe (Chrono Boost)  
  33  4:41  Photon Cannon  
  33  4:42  Probe (Chrono Boost)  
  34  4:50  Robotics Facility  
  34  4:52  Adept, Probe (Chrono Boost)  
  35  4:53  Assimilator  
  37  5:03  Probe (Chrono Boost)  
  37  5:06  Probe (Chrono Boost)  
  39  5:13  Probe (Chrono Boost)  
  40  5:18  Probe (Chrono Boost)  
  41  5:24  Probe (Chrono Boost)  
  37  5:30  Probe (Chrono Boost)  
  38  5:36  Immortal  
  38  5:37  Twilight Council, Gateway  
  38  5:41  Gateway  
  42  5:52  Stalker  
  44  5:57  Assimilator  
  44  6:08  Stalker  
  44  6:19  Photon Cannon  
  44  6:21  Photon Cannon  
  44  6:23  Mothership Core (Chrono Boost)  
  39  6:32  Pylon  
  37  6:42  Pylon  
  29  6:56  Pylon  
  29  6:58  Pylon  
  29  7:03  Pylon  
  29  7:13  Immortal  
  33  7:26  Zealot  
  35  7:32  Zealot  
Tags
 
Add a new tag
Caveats
  • Supply blocks, unpowered buildings, or Contaminate may cause inaccurate times.
  • Supply counts are checked every 10 seconds.